 Dungeon Crawl Stone Soup version 0.14-a0-2474-g7d54a28 (webtiles) character file.

3599 Duskembrace the Thaumaturge (level 9, -34/45 HPs)
             Began as a Deep Elf Ice Elementalist on Feb 8, 2014.
             Was a Believer of Ashenzari.
             Killed from afar by Erolcha (40 damage)
             ... with a fireball
             ... on Level 8 of the Dungeon.
             The game lasted 00:57:05 (8402 turns).

Duskembrace the Thaumaturge (DEIE)                  Turns: 8402, Time: 00:57:05

HP -34/45        AC  9     Str  9      XL: 9   Next: 76%
MP  24/31        EV 13     Int 21      God: Ashenzari [**....]
Gold 177         SH  0     Dex 15      Spells:  9 memorised,  8 levels left

rFire  x . .     SeeInvis .     D - +1,+0 scimitar (protect) (curse)
rCold  + . .     Clarity  .     a - -1 elf robe (curse)
rNeg   + . .     Conserve .     (no shield)
rPois  .         rCorr    .     O - +0 helmet
rElec  .         rRot     .     x - +0 cloak (curse)
SustAb . .       Spirit   .     B - +0 pair of gloves
rMut   .         Warding  +     (no boots)
Saprov . . .     Stasis   .     w - cursed amulet of warding
MR     .....                    M - +1 ring of strength
                                G - ring of ice

@: about to teleport, not resistant to hostile enchantments, fairly stealthy
A: no striking features
a: Renounce Religion


You were on level 8 of the Dungeon.
You worshipped Ashenzari.
Ashenzari was pleased with you.
You were very hungry.

You visited 2 branches of the dungeon, and saw 9 of its levels.

You collected 515 gold pieces.
You spent 338 gold pieces at shops.

Inventory:

Hand weapons
 D - a cursed +1,+0 scimitar of protection (weapon)
Armour
 a - a cursed -1 elven robe (worn)
 h - a +0 buckler
 x - a cursed +0 cloak (worn)
 B - a +0 pair of gloves (worn)
 O - a +0 helmet (worn)
Magical devices
 m - a wand of hasting (3)
 t - a wand of polymorph (13)
Comestibles
 c - 6 bread rations
 g - 3 meat rations
 I - a snozzcumber
Scrolls
 j - 5 scrolls of teleportation {unknown}
 l - 5 scrolls of random uselessness {unknown}
 o - 3 scrolls of recharging {unknown}
 p - 2 scrolls of fog {unknown}
 q - 2 scrolls of magic mapping {unknown}
 r - a scroll of enchant weapon II {unknown}
 y - a scroll of fear {unknown}
 A - a scroll of amnesia {unknown}
 E - 2 scrolls of curse weapon
 F - a scroll of enchant weapon I {unknown}
 K - a scroll of immolation {unknown}
Jewellery
 w - a cursed amulet of warding (around neck)
 G - a ring of ice (left hand)
 M - a +1 ring of strength (right hand)
Potions
 d - a potion of flight
 e - a potion of lignification
 f - 4 potions of curing
 i - 4 potions of heal wounds
 k - 2 potions of might
 n - 2 potions of agility
 s - a potion of confusion {unknown}
 z - a potion of resistance
 C - a potion of speed
 H - a potion of invisibility {unknown}
 J - a potion of berserk rage {unknown}
Books
 b - a book of Frost

   Spells                             Type                      Level
   *Freeze                            Ice                          1
   *Throw Frost                       Conjuration/Ice              2
   *Ozocubu's Armour                  Charms/Ice                   3
   *Throw Icicle                      Conjuration/Ice              4
   *Summon Ice Beast                  Ice/Summoning                4
   *Condensation Shield               Ice                          4
 u - a book of Unlife

   Spells                             Type                      Level
   Recall                             Summoning/Translocation      3
   Animate Dead                       Necromancy                   4
   Control Undead                     Necromancy                   4
   Twisted Resurrection               Necromancy                   5
   Death Channel                      Necromancy                   6
   Simulacrum                         Ice/Necromancy               6
 v - a book of Party Tricks

   Spells                             Type                      Level
   *Summon Butterflies                Summoning                    1
   *Apportation                       Translocation                1
   *Blink                             Translocation                2
   Alistair's Intoxication            Transmutation/Poison         4
   Tukima's Dance                     Hexes                        5
Magical staves
 L - an uncursed staff of conjuration


   Skills:
 + Level 2.4 Dodging
 - Level 2.4 Stealth
 + Level 11.1 Spellcasting
 + Level 4.6 Conjurations
 + Level 0.4 Charms
 + Level 4.0 Summonings
 + Level 10.9 Ice Magic


You had 8 spell levels left.
You knew the following spells:

 Your Spells              Type           Power        Failure   Level  Hunger
a - Freeze                Ice            ####         1%          1    None
b - Throw Frost           Conj/Ice       ######       1%          2    None
c - Throw Icicle          Conj/Ice       ######..     2%          4    #......
d - Ozocubu's Armour      Chrm/Ice       ######....   1%          3    None
e - Summon Ice Beast      Ice/Summ       ######....   2%          4    #......
f - Summon Butterflies    Summ           ####....     1%          1    None
g - Blink                 Tloc           N/A          12%         2    None
h - Condensation Shield   Ice            ######....   1%          4    #......
i - Apportation           Tloc           ##........   8%          1    None


Dungeon Overview and Level Annotations

Branches:
Dungeon (8/16)             Temple (1/1) D:7
   Lair: D:8-11

Altars:
Ashenzari
Dithmengos
Elyvilon
Fedhas
Kikubaaqudgha
Makhleb
Nemelex Xobeh
Okawaru
Sif Muna
Trog
Vehumet
Xom
Yredelemnul
Zin

Shops:
D:5 ?   D:8 =

Annotations:
D:8 Erolcha


Message History

Casting: Summon Ice Beast
Confirm with . or Enter, or press ? or * to list all spells.
You feel a surge of power! A chill wind blows around you.
Erolcha points at you and mumbles some strange words.
You feel strangely unstable. Erolcha casts a spell at you.
The fireball explodes!
The fireball engulfs you! The fire burns you terribly!
One of your 4 scrolls labeled CHE HILYSTOIM catches fire!
Ouch! That really hurt!
* * * LOW HITPOINT WARNING * * *
You swap places.
Erolcha gestures at you while chanting.
The fireball explodes!
The fireball engulfs your ice beast.
Your ice beast melts!
Your ice beast dies!
The fireball engulfs you! The fire burns you terribly!
One of your 6 scrolls labeled YDIFRIS LIOLUR catches fire!
One of your 2 scrolls labeled THAOD EF UTEUD catches fire!
Ouch! That really hurt!
You die...

#.# . .......#.## #.#
#.# .....###%# #.# #.#
#####* #.# #.# #.# #.#
#.# #I# #.# #.# #.#
######.####### #.# #.#
#......%...... #.#
#I#######.####........
#.#########.O..@..#.#
#########
#...........##.###..##
################
#...## * _ * ###..#.##
* ,8 ,, *#...###.## **
,, , #.....##.# # *>,
, , _###.#.#.## ## *
,,, , * ##...## #.
##.###########


You could see Erolcha and a friendly ice beast.

Vanquished Creatures
  Prince Ribbit (D:5)
  A hippogriff (D:7)
  A hungry ghost (D:8)
  A sky beast (D:6)
  2 ice beasts (D:7)
  An ogre (D:5)
  A slave (D:5)
  2 giant frogs (D:6)
  A komodo dragon skeleton (D:8)
  A wight (D:8)
  A killer bee (D:8)
  3 crimson imps
  A goliath beetle (D:6)
  Crazy Yiuf (D:2)
  4 orc priests
  4 jellies
  A quasit (D:6)
  A worker ant (D:7)
  An orc wizard (D:3)
  10 hounds
  A scorpion (D:6)
  2 iguanas (D:6)
  An ogre zombie (D:4)
  Jessica (D:6)
  A gnoll zombie (D:5)
  5 adders
  3 giant mites
  An inept feature mimic (D:5)
  4 worms
  A scorpion zombie (D:8)
  An orc skeleton (D:6)
  A giant eyeball (D:6)
  10 orcs
  A bat skeleton (D:6)
  8 giant cockroaches
  14 goblins
  10 hobgoblins
  3 jackals (D:3)
  An ooze (D:4)
  5 quokkas
  4 ball pythons
  15 bats
  4 giant geckos
  8 giant newts
  A giant spore (D:8)
  11 kobolds
  17 rats
  2 ballistomycetes (D:8)
175 creatures vanquished.

Vanquished Creatures (collateral kills)
  A hill giant (D:8)
  Pikel (D:6)
  2 hippogriffs (D:8)
  2 slaves (D:6)
  A sky beast (D:6)
  The ghost of Gorice the Slasher, an average TeFi (D:4)
  A giant frog (D:4)
  Blork the orc (D:6)
  4 killer bees (D:8)
  2 wights (D:8)
  2 orc wizards
  Natasha (twice) (D:4)
  2 orc priests
  A worker ant (D:4)
  A mummy (D:6)
  3 gnolls (D:8)
  5 orcs
  2 goblins
  A hobgoblin (D:4)
  A bat (D:4)
36 creatures vanquished.

Vanquished Creatures (others)
  12 ice beasts
  A giant spore (D:8)
13 creatures vanquished.

Grand Total: 224 creatures vanquished

Notes
Turn   | Place    | Note
--------------------------------------------------------------
     0 | D:1      | Duskembrace, the Deep Elf Ice Elementalist, began the quest for the Orb.
     0 | D:1      | Reached XP level 1. HP: 10/10 MP: 5/5
     1 | D:1      | Noticed a giant frog
     1 | D:1      | Noticed a grizzly bear
   195 | D:1      | Reached XP level 2. HP: 13/15 MP: 6/8
   224 | D:1      | Learned a level 2 spell: Throw Frost
   245 | D:1      | Reached skill level 4 in Ice Magic
   293 | D:1      | Found a shattered altar of Ashenzari.
   383 | D:1      | Became a worshipper of Ashenzari the Shackled
   681 | D:2      | Reached XP level 3. HP: 19/19 MP: 5/10
  1096 | D:2      | Reached skill level 5 in Ice Magic
  1305 | D:2      | Noticed Crazy Yiuf
  1315 | D:2      | Killed Crazy Yiuf
  1315 | D:2      | Reached XP level 4. HP: 24/24 MP: 5/13
  1433 | D:3      | Learned a level 4 spell: Throw Icicle
  1650 | D:3      | Reached skill level 6 in Ice Magic
  1693 | D:3      | Reached XP level 5. HP: 28/28 MP: 1/16
  2335 | D:3      | Reached skill level 7 in Ice Magic
  2572 | D:4      | Noticed Gorice's ghost (average TeFi)
  2593 | D:5      | Entered Level 5 of the Dungeon
  2854 | D:5      | Found Blam's Magic Scroll Shoppe.
  2864 | D:5      | Bought a scroll of curse jewellery for 28 gold pieces
  2921 | D:5      | Noticed Prince Ribbit
  2936 | D:5      | Killed Prince Ribbit
  2936 | D:5      | Reached XP level 6. HP: 27/32 MP: 3/20
  2997 | D:5      | Learned a level 3 spell: Ozocubu's Armour
  3167 | D:5      | Reached skill level 8 in Ice Magic
  3180 | D:5      | Noticed an ogre
  3188 | D:5      | Killed an ogre
  3188 | D:5      | Reached XP level 7. HP: 23/36 MP: 3/22
  3664 | D:6      | Noticed Pikel
  3861 | D:4      | Reached skill level 5 in Spellcasting
  3970 | D:4      | Learned a level 4 spell: Summon Ice Beast
  4091 | D:4      | Noticed Natasha
  4106 | D:4      | Killed Natasha
  4295 | D:4      | Killed Gorice's ghost
  4420 | D:4      | Found an ancient bone altar of Kikubaaqudgha.
  4574 | D:4      | Noticed Natasha
  4583 | D:4      | Killed Natasha
  4915 | D:6      | Reached skill level 1 in Summonings
  4960 | D:6      | Paralysed by a giant eyeball for 3 turns
  5075 | D:6      | Reached skill level 9 in Ice Magic
  5075 | D:6      | Reached XP level 8. HP: 41/41 MP: 12/25
  5377 | D:6      | Noticed Blork the orc
  5387 | D:6      | Killed Blork the orc
  5491 | D:6      | Noticed Jessica
  5495 | D:6      | Killed Jessica
  5504 | D:6      | Found a deep blue altar of Sif Muna.
  5583 | D:6      | Killed Pikel
  6036 | D:7      | Reached skill level 10 in Ice Magic
  6036 | D:7      | Reached XP level 9. HP: 45/45 MP: 8/29
  6214 | D:7      | Noticed an iron devil
  6764 | D:7      | Found a staircase to the Ecumenical Temple.
  6774 | D:7      | Noticed an angel
  6867 | Temple   | Entered the Ecumenical Temple
  6867 | Temple   | Acquired Ashenzari's first power
  7120 | D:7      | Reached skill level 10 in Spellcasting
  7292 | D:8      | Noticed a hill giant
  7307 | D:8      | Killed a hill giant
  7740 | D:8      | Learned a level 1 spell: Summon Butterflies
  7743 | D:8      | Learned a level 2 spell: Blink
  7748 | D:8      | Learned a level 4 spell: Condensation Shield
  7750 | D:8      | Learned a level 1 spell: Apportation
  7804 | D:8      | Found Gofrih's Jewellery Shoppe.
  7819 | D:8      | Bought an uncursed ring of ice for 280 gold pieces
  7819 | D:8      | Bought a +1 ring of strength for 30 gold pieces
  8185 | D:8      | Reached skill level 11 in Spellcasting
  8394 | D:8      | Noticed Erolcha
  8402 | D:8      | Killed from afar by Erolcha

Action                   |  1- 3 |  4- 6 |  7- 9 || total
-------------------------+-------+-------+-------++-------
Melee: Short sword       |     6 |    22 |     2 ||    30
       Scimitar          |       |       |    35 ||    35
 Cast: Freeze            |    49 |    56 |    73 ||   178
       Throw Frost       |     2 |    32 |   121 ||   155
       Throw Icicle      |       |     3 |    34 ||    37
       Summon Ice Beast  |       |       |    42 ||    42
       Ozocubu's Armour  |       |       |     1 ||     1
Evoke: Wand              |       |       |     3 ||     3
  Use: Scroll            |     2 |     2 |    13 ||    17
 Stab: Sleeping          |       |     1 |       ||     1
